 Dungeon Crawl Stone Soup version 0.26-b1-32-g5d43845318 (webtiles) character file.

Game seed: 5872370339627782613

54 Dracia the Ducker (level 3, 0/28 HPs)
             Began as a Demonspawn Gladiator on Jan 13, 2021.
             Slain by a gnoll
             ... wielding a +0 spear
              (6 damage)
             ... on level 2 of the Dungeon.
             The game lasted 00:02:22 (1251 turns).

Dracia the Ducker (Demonspawn Gladiator)            Turns: 1251, Time: 00:02:22

Health: 0/28       AC:  6    Str: 15    XL:     3   Next: 66%
Magic:  3/3        EV: 12    Int:  9    God:
Gold:   37         SH:  0    Dex: 14    Spells: 2/2 levels left

rFire    . . .     SeeInvis .   a - +0 quarterstaff
rCold    . . .     Faith    .   (shield currently unavailable)
rNeg     . . .     Spirit   .   p - +0 ring mail
rPois    .         Reflect  .   c - +0 helmet
rElec    .         Harm     .   (no cloak)
rCorr    .         Rampage  .   (no gloves)
Will     .....                  (no boots)
Stlth    ..........             (no amulet)
HPRegen  0.09/turn              (no ring)
MPRegen  0.08/turn              (no ring)

@: no status effects
A: hooves 1, powered by death 1
a: no special abilities


You were on level 2 of the Dungeon.
You visited 1 branch of the dungeon, and saw 2 of its levels.

You collected 37 gold pieces.


Innate Abilities, Weirdness & Mutations

You have large cloven feet.
You regenerate a little health from kills.


   Skills:
 + Level 2.8 Fighting
 - Level 2.6 Staves
 - Level 1.7 Throwing
 + Level 1.6 Armour
 + Level 3.2 Dodging


You had 2 spell levels left.
You didn't know any spells.
Your spell library was empty.

Inventory:

Hand Weapons
 a - a +0 quarterstaff (weapon)
Missiles
 d - 3 throwing nets (quivered) {=f=f}
 h - 8 atropa-tipped darts
Armour
 b - a +0 leather armour
 c - a +0 helmet (worn)
 k - a +0 pair of boots
 o - a +2 buckler
 p - a +0 ring mail (worn)
Scrolls
 f - 3 scrolls of identify {unknown}
 g - 3 scrolls of remove curse {unknown}
 j - a scroll of fog {unknown}
 l - a scroll of enchant weapon {unknown}
 n - a scroll of fear {unknown}
Potions
 e - a potion of might {unknown}
 i - a potion of curing {unknown}
 m - a potion of ambrosia {unknown}

Dungeon Overview and Level Annotations

Branches:
Dungeon (2/15)

Altars:

.....( #......# #
#.....# #......# #
#.....###......## ##
#<......#.......### ...
#...............# ....
#...............#
.....###...............#
.....gg.............<..+
##@g..............#
#................+
#................#
#...?.............
............†.......>
..).[....####...####.
...######## #...####.
### .. #........
##.#......#.


You could see 3 gnolls.


Message History

A gnoll comes into view. It is wielding a +0 spear.
A gnoll comes into view. It is wielding a +0 whip.
The gnoll shouts!
The gnoll moves out of view.
The gnoll hits you with a +0 whip.
You hit the gnoll but do no damage. The gnoll closely misses you.
The gnoll completely misses you.
You closely miss the gnoll. You kick the gnoll.
The gnoll is lightly wounded.
The gnoll misses you.
You barely miss the gnoll. You kick the gnoll.
The gnoll is moderately wounded.
The gnoll closely misses you. The gnoll hits you with a +0 whip.
You closely miss the gnoll. You kick the gnoll.
The gnoll is heavily wounded.
The gnoll barely misses you. The gnoll hits you but does no damage.
You hit the gnoll. Your kick misses the gnoll.
The gnoll is severely wounded.
The gnoll hits you with a +0 whip!
* * * LOW HITPOINT WARNING * * *
The gnoll barely misses you. The gnoll closely misses you.
The gnoll hits you from afar with a +0 spear.
* * * LOW HITPOINT WARNING * * *
You are too injured to fight recklessly!
You are too injured to fight recklessly!
Unknown command.
The gnoll hits you with a +0 whip.
* * * LOW HITPOINT WARNING * * *
The gnoll hits you with a +0 spear.
You die...

Skill      XL: |  1  2 |
---------------+-------+-----
Armour         | 1 |  1.6
Dodging        | 3 |  3.2
Fighting       | |  2.8
Staves         | |  2.6
Throwing       | |  1.7

Action                   || total
-------------------------++-------
Melee: Quarterstaff      ||    90
       Kick              ||    17
 Stab: Sleeping          ||     1
Armor: Leather armour    ||    31
       Ring mail         ||    15
Dodge: Dodged            ||   101

Levels and vault maps discovered:
D:1:      evilmike_arrival_crescent, layout_basic
D:2:      layout_basic, minmay_tree_intersection

Notes
Turn   | Place    | Note
-------+----------+-------------------------------------------
     0 | D:1      | Dracia the Demonspawn Gladiator began the quest for the
                  | Orb.
     0 | D:1      | Reached XP level 1. HP: 16/16 MP: 1/1
   127 | D:1      | Gained mutation: You have large cloven feet. [demonic
                  | ancestry]
   127 | D:1      | Reached XP level 2. HP: 21/22 MP: 2/2
   213 | D:1      | Reached skill level 1 in Armour
   213 | D:1      | Reached skill level 3 in Dodging
   779 | D:1      | Gained mutation: You regenerate a little health from kills.
                  | [demonic ancestry]
   779 | D:1      | Reached XP level 3. HP: 28/28 MP: 3/3
  1251 | D:2      | Slain by a gnoll

Vanquished Creatures
  An adder (D:2)
  An ooze (D:2)
  An adder skeleton (D:2)
  A dart slug (D:1)
  A leopard gecko (D:2)
  7 bats (D:1)
  A giant cockroach (D:1)
  4 goblins
  6 hobgoblins (D:1)
  A quokka (D:2)
  A ball python (D:1)
  2 frilled lizards (D:1)
  A kobold (D:1)
  7 rats
35 creatures vanquished.

Table legend: (Time is in decaauts)
 A = Elapsed time spent in this place.
 B = Non-inter-level travel time spent in this place.
 C = Inter-level travel time spent in this place.
 D = Time resting spent in this place.
 E = Time spent auto-exploring this place.
 F = Levels seen in this place.
 G = Mean time per level.
                   A        B        C        D        E       F      G
               +--------+--------+--------+--------+--------+-----+--------+
         Total |   1266 |   1188 |     78 |      0 |    988 |   2 |  633.0 |
       Dungeon |   1266 |   1188 |     78 |      0 |    988 |   2 |  633.0 |
               +--------+--------+--------+--------+--------+-----+--------+

Top non-repeatable levels by time:
     D:1: 1035 daAuts
     D:2: 230 daAuts

Table legend:
 A = Non-vault XP
 B = Vault XP
 C = Vault XP percentage of total XP
 D = Non-vault monster count
 E = Vault monster count
 F = Vault count percentage of total count
                 A         B        C        D         E       F
            +---------+---------+-------+---------+---------+-------
      Total |      78 |       0 |   0.0 |      35 |       0 |   0.0
            +---------+---------+-------+---------+---------+-------
        D:1 |      44 |       0 |   0.0 |      27 |       0 |   0.0
        D:2 |      34 |       0 |   0.0 |       8 |       0 |   0.0
            +---------+---------+-------+---------+---------+-------
